 Seeded DCSS version 0.30-a0-469-g84de5afbc5 (webtiles) character file.

Game seed: 20221220 (custom seed)

12 flotson the Sneak (level 2, 0/24 HPs)
             Began as a Demonspawn Delver on Dec 20, 2022.
             Slain by a jackal (2 damage)
             ... on level 4 of the Dungeon.
             The game lasted 00:01:40 (141 turns).

flotson the Sneak (Demonspawn Delver)                Turns: 141, Time: 00:01:42

Health: 0/24       AC:  3    Str: 12    XL:     2   Next: 20%
Magic:  2/2        EV: 12    Int: 11    God:
Gold:   0          SH:  0    Dex: 14    Spells: 1/1 levels left

rFire   . . .      SeeInvis .    a - +0 hand axe
rCold   . . .      Faith    .    (no shield)
rNeg    . . .      Spirit   .    e - +0 leather armour
rPois   .          Reflect  .    (no helmet)
rElec   .          Harm     .    (no cloak)
rCorr   .          Rampage  .    (no gloves)
Will    .....                    (no boots)
Stlth   +++.......               (no amulet)
HPRegen 0.24/turn                (no ring)
MPRegen 0.08/turn                (no ring)

@: hasted, very quick
A: powered by death 1
a: no special abilities


You were on level 4 of the Dungeon.
You visited 1 branch of the dungeon, and saw 2 of its levels.

Inventory:

Hand Weapons
 a - a +0 hand axe (weapon)
 b - a +0 sling
Armour
 e - a +0 leather armour (worn)
Jewellery
 h - the ring of the Messenger {rElec rF++ Dex-2 Slay+4}
   (You found it on level 5 of the Dungeon)

   [ring of slaying]

   Dex:       It affects your dexterity (-2).
   Slay:      It affects your accuracy & damage with ranged weapons and melee
   (+4).
   rF:        It greatly protects you from fire.
   rElec:     It insulates you from electricity.
Wands
 g - a wand of digging (3)
Scrolls
 c - 2 scrolls of fog
 d - a scroll of magic mapping
 i - a scroll of summoning {unknown}
 k - a scroll of identify {unknown}
Potions
 j - a potion of lignification {unknown}


   Skills:
 + Level 3.1 Fighting
 - Level 1.7 Axes
 + Level 0.5 Armour
 + Level 2.0 Dodging
 + Level 4.6 Stealth
 + Level 0.5 Evocations


You had one spell level left.
You didn't know any spells.
Your spell library was empty.

Dungeon Overview and Level Annotations

Branches:
Dungeon (5/15)
 Temple: D:4-7

Altars:

Annotations:
D:5 Edmund


Innate Abilities, Weirdness & Mutations

You regenerate a little health from kills.


Message History

The jackal closely misses you. The jackal bites you.
The hobgoblin completely misses you.
The jackal bites you but does no damage. x2
The hobgoblin hits you.
a - a +0 hand axe (weapon)
The jackal bites you. The jackal barely misses you.
You hit the jackal but do no damage.
The jackal is moderately wounded.
You closely miss the hobgoblin. You barely miss the jackal.
The hobgoblin hits you. The jackal misses you. The jackal bites you.
You are too injured to fight recklessly!
You are too injured to fight recklessly!
You feel yourself speed up.
The jackal bites you. x2; The hobgoblin hits you.
* * * LOW HITPOINT WARNING * * *
The jackal barely misses you. The jackal completely misses you.
You closely miss the jackal.
The jackal is moderately wounded.
You hit the hobgoblin but do no damage. You hit the jackal.
The hobgoblin hits you.
* * * LOW HITPOINT WARNING * * *
The jackal closely misses you. The jackal barely misses you.
You hit the jackal.
You kill the jackal!
You closely miss the jackal. You hit the hobgoblin.
The hobgoblin completely misses you. The jackal closely misses you.
Your Dodging skill increases to level 2!
You hit the hobgoblin.
You kill the hobgoblin!
You closely miss the jackal.
You hit the giant cockroach but do no damage.
The jackal bites you.
* * * LOW HITPOINT WARNING * * *
The giant cockroach barely misses you.
You hit the jackal but do no damage.
The jackal is moderately wounded.
You closely miss the giant cockroach.
The jackal bites you but does no damage.
The giant cockroach bites you but does no damage.
The jackal bites you.
You die...

...........##.
..........#...
..............
####.............
.......?....†....
............8.$..
.......hB...........
.......@....8...........
.......#................
.......#................
.......##...............
....##..#..#............
...##...#.##....##......
... #..........#.......
.. ##.............>...
##.).........<....


You could see a jackal and a giant cockroach.

Vanquished Creatures
  3 endoplasms (D:4)
  A goblin (D:4)
  2 hobgoblins (D:4)
  3 jackals (D:4)
9 creatures vanquished.

Notes
Turn   | Place    | Note
-------+----------+-------------------------------------------
     0 | D:5      | flotson the Demonspawn Delver began the quest for the Orb.
     0 | D:5      | Reached XP level 1. HP: 18/18 MP: 1/1
    10 | D:5      | Noticed Edmund
    12 | D:5      | Identified the ring of the Messenger {rElec rF++ Dex-2
                  | Slay+4}
   127 | D:4      | Gained mutation: You regenerate a little health from kills.
                  | [demonic ancestry]
   127 | D:4      | Reached XP level 2. HP: 24/24 MP: 2/2
   141 | D:4      | Slain by a jackal

Illustrated notes

Levels and vault maps discovered:
D:4:      layout_cave_pools, minmay_temple_entry_stoned_glass,
          serial_column_ruins, column_ruins_columns_straight,
          column_ruins_grid_2, column_ruins_open_medium, column_ruins_grid_4,
          serial_shops, nicolae_shop_hallway_plus
D:5:      layout_basic, minmay_misc_feat_ornament, uniq_ijyb, uniq_edmund

Skill      XL: |  1  2 |
---------------+-------+-----
Dodging        | 2 |  2.0
Fighting       | |  3.1
Axes           | |  1.7
Armour         | |  0.5
Stealth        | |  4.6
Evocations     | |  0.5

Action                   || total
-------------------------++-------
Melee: Hand axe          ||     8
 Fire: Sling             ||    31
  Use: Scroll            ||     1
       Potion            ||     1
Armor: Leather armour    ||     7
Dodge: Dodged            ||    33

Table legend: (Time is in decaauts)
 A = Elapsed time spent in this place.
 B = Non-inter-level travel time spent in this place.
 C = Inter-level travel time spent in this place.
 D = Time resting spent in this place.
 E = Time spent auto-exploring this place.
 F = Levels seen in this place.
 G = Mean time per level.
                   A        B        C        D        E       F      G
               +--------+--------+--------+--------+--------+-----+--------+
         Total |    153 |    153 |      0 |     39 |     20 |   2 |   76.5 |
       Dungeon |    153 |    153 |      0 |     39 |     20 |   2 |   76.5 |
               +--------+--------+--------+--------+--------+-----+--------+

Top non-repeatable levels by time:
     D:4: 134 daAuts
     D:5: 19 daAuts
